 Dungeon Crawl Stone Soup version 0.27-a0-1105-g946c659c87 (webtiles) character file.

Game seed: 9560143531035764489

3119 jhlin the Zephyrmancer (level 9, -10/39 HPs)
             Began as a Spriggan Air Elementalist on Apr 30, 2021.
             Was a Believer of the Shining One.
             Mangled by Grum
             ... wielding a +0 spear
              (14 damage)
             ... on level 8 of the Dungeon on May 1, 2021.
             The game lasted 00:32:42 (11083 turns).

jhlin the Zephyrmancer (Spriggan Air Elementalist) Turns: 11083, Time: 00:32:43

Health: -10/39     AC:  5    Str:  5    XL:     9   Next: 60%
Magic:  6/17       EV: 17    Int: 18    God:    the Shining One [**....]
Gold:   346        SH:  0    Dex: 16    Spells: 11/18 levels left

rFire    . . .     SeeInvis +   d - staff of conjuration
rCold    . . .     Faith    .   (shield currently unavailable)
rNeg     + . .     Spirit   .   v - +0 robe
rPois    .         Reflect  .   (helmet restricted)
rElec    +         Harm     .   u - +0 cloak
rCorr    .         Rampage  .   (gloves unavailable)
Will     +....                  (boots unavailable)
Stlth    +.........             (no amulet)
HPRegen  0.13/turn              (no ring)
MPRegen  0.15/turn              (no ring)

@: glowing, very quick
A: very small, no large weapons, unfitting armour, see invisible, speed 3,
iridescent scales 1, electricity resistance, evolution 1, no potion heal 1
a: Renounce Religion, Divine Shield


You were on level 8 of the Dungeon.
You worshipped the Shining One.
The Shining One was pleased with you.
You visited 1 branch of the dungeon, and saw 8 of its levels.

You collected 385 gold pieces.
You spent 39 gold pieces at shops.

Inventory:

Missiles
 e - a throwing net
Armour
 u - a +0 cloak (worn)
 v - a +0 robe (worn)
Magical Staves
 d - a staff of conjuration (weapon)
Scrolls
 a - 2 scrolls of torment {unknown}
 g - a scroll of fog {unknown}
 j - 2 scrolls of noise {unknown}
 m - a scroll of vulnerability {unknown}
 n - a scroll of fear {unknown}
 p - a scroll of teleportation {unknown}
 q - 3 scrolls of identify {unknown}
 s - a scroll of amnesia {unknown}
 t - a scroll of magic mapping {unknown}
Potions
 b - 2 potions of haste {unknown}
 c - 3 potions of heal wounds {unknown}
 f - 2 potions of brilliance {unknown}
 h - 2 potions of flight {unknown}
 i - a potion of mutation
 k - a potion of lignification {unknown}
 l - 2 potions of curing
 o - a potion of magic {unknown}
 r - a potion of might {unknown}


   Skills:
 - Level 2.6 Dodging
 - Level 3.0 Stealth
 - Level 5.0 Spellcasting
 - Level 5.7 Conjurations
 * Level 10.1 Air Magic


You had 11 spell levels left.
You knew the following spells:

 Your Spells              Type           Power      Damage    Failure   Level
a - Shock                 Conj/Air       100%       1d9       1%          1
b - Static Discharge      Conj/Air       49%        N/A       1%          2
c - Airstrike             Air            20%        N/A       1%          4

Your spell library contained the following spells:

 Spells                   Type           Power      Damage    Failure   Level
 Swiftness                Air            40%        N/A       1%          3
 Beastly Appendage        Tmut           8%         N/A       13%         1
 Lightning Bolt           Conj/Air       24%        1d40      14%         5
 Wereblood                Tmut           4%         N/A       21%         2
 Spider Form              Tmut/Pois      2%         N/A       36%         3
 Ice Form                 Ice/Tmut       4%         N/A       78%         4
 Hydra Form               Tmut           2%         N/A       98%         5


Dungeon Overview and Level Annotations

Branches:
Dungeon (8/15)             Temple (0/1) D:6
   Lair: D:8-11

Altars:
Ashenzari
Dithmenos
Nemelex Xobeh
Qazlal
Ru
Sif Muna
Vehumet
Wu Jian
Xom
Zin
The Shining One

Shops:
D:3 *   D:4 (

Annotations:
D:4 Eustachio
D:8 Grum


Innate Abilities, Weirdness & Mutations

You are very small and have problems with some larger weapons.
You are too small for most types of armour.
You have supernaturally acute eyesight. (SInv)
You cover ground extremely quickly. (Speed+++)
You are partially covered in iridescent scales. (AC +2)
You are resistant to electric shocks. (rElec)
You evolve.
Potions are less effective at restoring your health.


Message History

Grum is moderately wounded.
The wolf bites you.
Aiming: Shock (safe; 1% risk of failure)
Press: ? - help, Q - select action, (/) - cycle Shift-Dir - straight line, f/p - wolf
Aim: a wolf (heavily wounded, haloed, 70% to hit)
You feel a surge of power!
The zap hits the wolf but does no damage.
The wolf is heavily wounded.
The zap hits Grum.
Grum is heavily wounded.
The wolf barely misses you. The wolf misses you.
Aiming: Shock (safe; 1% risk of failure)
Press: ? - help, Q - select action, (/) - cycle Shift-Dir - straight line, f/p - wolf
Aim: a wolf (heavily wounded, haloed, 70% to hit)
You feel a surge of power!
The zap hits the wolf.
The wolf is severely wounded.
The zap hits Grum.
Grum is heavily wounded.
The wolf closely misses you. The wolf bites you.
Aiming: Shock (safe; 1% risk of failure)
Press: ? - help, Q - select action, (/) - cycle Shift-Dir - straight line, f/p - wolf
Aim: a wolf (severely wounded, haloed, 70% to hit)
You feel a surge of power!
The zap hits the wolf.
The wolf is severely wounded.
The zap hits Grum.
Grum is severely wounded.
The wolf misses you.
Grum hits you from afar with a +0 spear.
Aiming: Shock (safe; 1% risk of failure)
Press: ? - help, Q - select action, (/) - cycle Shift-Dir - straight line, f/p - wolf
Aim: a wolf (severely wounded, haloed, 70% to hit)
You feel a surge of power!
The zap hits the wolf.
The wolf is severely wounded.
The zap hits Grum.
Grum is severely wounded.
The wolf bites you!
* * * LOW HITPOINT WARNING * * *
The wolf completely misses you.
Grum hits you from afar with a +0 spear!
You die...

#...........##.....#..#
#.........# #.........#
...##.#...# #.........#
#.##..#..####.........#
..#.........#........#
..........#........#.#
........####.....#####
.......## #.....#...###
###.####
...#..#@....... ###
...#.##.h......
#.....###.g.....
#(.#### #...... ..
...... .....# .....#
.#...


You could see Grum and a wolf.

Vanquished Creatures
  4 yaks (D:7)
  A water moccasin (D:4)
  Duvessa (D:4)
  An orc warrior (D:7)
  3 ice beasts
  A black bear (D:7)
  4 ogres
  A wolf (D:8)
  2 centaurs
  A phantom (D:7)
  A wyvern zombie (D:7)
  Dowan (D:4)
  A scorpion (D:5)
  3 wights (D:7)
  A bullfrog zombie (D:6)
  A centaur zombie (D:7)
  A gnoll shaman (D:5)
  3 hounds
  4 jellies
  A bullfrog skeleton (D:5)
  5 orc priests
  7 orc wizards
  A killer bee zombie (D:6)
  A hound zombie (D:5)
  A howler monkey zombie (D:7)
  A howler monkey skeleton (D:7)
  4 gnolls (D:5)
  4 adders
  An ufetubus (D:6)
  A worm (D:4)
  4 dart slugs
  25 orcs
  5 bats
  8 endoplasms
  3 giant cockroaches
  7 goblins
  5 hobgoblins
  An iguana (D:6)
  2 jackals (D:3)
  4 quokkas
  10 ball pythons
  4 frilled lizards
  4 kobolds
  7 rats
151 creatures vanquished.

Notes
Turn   | Place    | Note
-------+----------+-------------------------------------------
     0 | D:1      | jhlin the Spriggan Air Elementalist began the quest for the
                  | Orb.
     0 | D:1      | Reached XP level 1. HP: 9/9 MP: 5/5
   128 | D:1      | Reached skill level 1 in Conjurations
   238 | D:1      | Reached XP level 2. HP: 4/13 MP: 3/6
   526 | D:1      | Reached skill level 3 in Air Magic
   819 | D:1      | Found a faded altar of an unknown god.
  1631 | D:2      | Reached XP level 3. HP: 16/16 MP: 6/8
  2038 | D:2      | Reached XP level 4. HP: 21/21 MP: 4/9
  2382 | D:3      | Found Mefewaku's General Store.
  3640 | D:4      | Noticed Eustachio
  3648 | D:3      | Learned a level 2 spell: Static Discharge
  3727 | D:4      | Reached XP level 5. HP: 24/24 MP: 7/10
  3764 | D:4      | Noticed a water moccasin
  3782 | D:4      | Killed a water moccasin
  3783 | D:4      | Reached skill level 4 in Air Magic
  3783 | D:4      | Reached XP level 6. HP: 23/28 MP: 4/11
  3943 | D:4      | Noticed Dowan
  4081 | D:4      | Noticed Duvessa
  4614 | D:4      | Killed Duvessa
  4781 | D:4      | Killed Dowan
  4785 | D:4      | Gained mutation: Your muscles are strong. (Str +2) [potion
                  | of mutation]
  4785 | D:4      | Gained mutation: You are dopey. (Int -2) [potion of
                  | mutation]
  4785 | D:4      | Gained mutation: You occasionally shout uncontrollably at
                  | your foes. [potion of mutation]
  4785 | D:4      | Gained mutation: You have a pair of small antennae on your
                  | head. [potion of mutation]
  4937 | D:3      | Bought a potion of curing for 39 gold pieces
  4937 | D:3      | Lost mutation: You occasionally shout uncontrollably at
                  | your foes. [potion of mutation]
  4937 | D:3      | Lost mutation: Your muscles are strong. (Str +2) [potion of
                  | mutation]
  4937 | D:3      | Lost mutation: You are dopey. (Int -2) [potion of mutation]
  4937 | D:3      | Lost mutation: You have a pair of small antennae on your
                  | head. [potion of mutation]
  4937 | D:3      | Gained mutation: Potions are less effective at restoring
                  | your health. [potion of mutation]
  4937 | D:3      | Gained mutation: You are resistant to electric shocks.
                  | (rElec) [potion of mutation]
  4937 | D:3      | Gained mutation: You evolve. [potion of mutation]
  4999 | D:4      | Found Qinejuf's Antique Weapon Boutique.
  5320 | D:4      | Learned a level 4 spell: Airstrike
  5482 | D:5      | Entered Level 5 of the Dungeon
  5485 | D:5      | Found a glowing silver altar of Zin.
  5491 | D:5      | Reached XP level 7. HP: 21/32 MP: 7/12
  5600 | D:5      | Found a sacrificial altar of Ru.
  5600 | D:5      | Found a broken altar of Ashenzari.
  5600 | D:5      | Found a glowing golden altar of the Shining One.
  6118 | D:5      | Reached skill level 5 in Conjurations
  6118 | D:5      | Reached skill level 5 in Air Magic
  6159 | D:5      | Identified the +2 mace of Gloom {protect, Dex+4}
  6327 | D:5      | Found a radiant altar of Vehumet.
  6329 | D:5      | Found a sparkling altar of Nemelex Xobeh.
  6337 | D:5      | Became a worshipper of the Shining One
  7023 | D:5      | Reached XP level 8. HP: 32/36 MP: 3/13
  7466 | D:6      | Found a shimmering altar of Xom.
  7558 | D:6      | Found a staircase to the Ecumenical Temple.
  7620 | D:6      | Reached skill level 6 in Air Magic
  7695 | D:6      | Found a shadowy altar of Dithmenos.
  7954 | D:6      | Found an ornate altar of the Wu Jian Council.
  8123 | D:6      | Found a shimmering blue altar of Sif Muna.
  8236 | D:6      | Found a stormy altar of Qazlal.
  8443 | D:7      | Reached * piety under the Shining One
  8703 | D:7      | Reached skill level 7 in Air Magic
  8705 | D:7      | Gained mutation: You are partially covered in iridescent
                  | scales. (AC +2) [evolution]
  9201 | D:7      | Reached skill level 5 in Spellcasting
  9870 | D:7      | Reached skill level 8 in Air Magic
  9870 | D:7      | Reached XP level 9. HP: 39/39 MP: 3/17
 10207 | D:7      | Reached ** piety under the Shining One
 10307 | D:7      | Reached skill level 9 in Air Magic
 10893 | D:7      | Reached skill level 10 in Air Magic
 11076 | D:8      | Noticed Grum
 11083 | D:8      | Mangled by Grum

Illustrated notes

Levels and vault maps discovered:
D:1:      zelgadis_glass_arrival_small, layout_loops_ring,
          hellmonk_ecumenical_altar_run_dry, grunt_decor_clamped,
          hangedman_decor_peaks_small, chequers_arboretum
D:2:      layout_rooms, serial_glass, glass_columns_b, glass_columns_a,
          glass_columns_a, glass_columns_a
D:3:      layout_loops_ring, serial_shops, shop, nrook_uturn
D:4:      layout_basic, serial_shops, kennysheep_mini_moat, uniq_duvessa,
          uniq_eustachio
D:5:      layout_basic, grunt_temple_overflow_open, minivault_23
D:6:      layout_loops_corners, kennysheep_little_box, dk_xom_monty_hall,
          lemuel_round_altar, led_sif_pool, grunt_dithmenos_smoke_and_mirrors,
          temple_pool_b
D:7:      layout_rooms, grunt_ogre_cave, hangedman_decor_opposing
D:8:      layout_cave_pools, serial_shops, shop, uniq_maggie, uniq_grum,
          uniq_pikel

Skill      XL: |  1  2  3  4  5  6  7  8  9 |
---------------+----------------------------+-----
Conjurations   | 1 2 3 4 5 |  5.7
Air Magic      | 3 4 5 8 10 | 10.1
Spellcasting   | 5 |  5.0
Dodging        | |  2.6
Stealth        | |  3.0

Action                   |  1- 3 |  4- 6 |  7- 9 || total
-------------------------+-------+-------+-------++-------
Melee: Staff             |       |       |     1 ||     1
 Cast: Shock             |    78 |   100 |   209 ||   387
       Static Discharge  |       |     7 |    55 ||    62
       Airstrike         |       |       |     2 ||     2
  Use: Potion            |       |     2 |       ||     2
Armor: Robe              |     1 |       |     4 ||     5
Dodge: Dodged            |    11 |     9 |    77 ||    97

Table legend: (Time is in decaauts)
 A = Elapsed time spent in this place.
 B = Non-inter-level travel time spent in this place.
 C = Inter-level travel time spent in this place.
 D = Time resting spent in this place.
 E = Time spent auto-exploring this place.
 F = Levels seen in this place.
 G = Mean time per level.
                   A        B        C        D        E       F      G
               +--------+--------+--------+--------+--------+-----+--------+
         Total |   9016 |   8609 |    407 |   4294 |   3317 |   8 | 1127.0 |
       Dungeon |   9016 |   8609 |    407 |   4294 |   3317 |   8 | 1127.0 |
               +--------+--------+--------+--------+--------+-----+--------+

Top non-repeatable levels by time:
     D:6: 2081 daAuts
     D:4: 1433 daAuts
     D:1: 1295 daAuts
     D:3: 1282 daAuts
     D:7: 1157 daAuts
     D:5: 1125 daAuts
     D:2: 611 daAuts
     D:8: 27 daAuts
